 Dungeon Crawl Stone Soup version 0.30-b1-2-g02819fbbbe (webtiles) character file.

Game seed: 3842998323542745494

848 raph the Cleaver (level 8, -4/64 HPs)
             Began as a Hill Orc Fighter on Dec 12, 2023.
             Was a Follower of Beogh.
             Killed from afar by Joseph (18 damage)
             ... with a bolt of acid
             ... on level 7 of the Dungeon.
             The game lasted 00:07:08 (5635 turns).

raph the Cleaver (Hill Orc Fighter)                 Turns: 5635, Time: 00:07:09

Health: -4/64      AC: 14    Str: 19    XL:     8   Next: 1%
Magic:  8/8        EV:  7    Int:  8    God:    Beogh [*.....]
Gold:   183        SH:  6    Dex: 18    Spells: 7/7 levels left

rFire   . . .        a - +0 war axe
rCold   . . .        c - +1 buckler
rNeg    . . .        v - +0 chain mail
rPois   .            (no helmet)
rElec   .            o - +1 cloak
rCorr   .            (no gloves)
SInv    .            m - +2 pair of boots
Will    +....        z - amulet of the acrobat Stlth
                     f - ring of willpower
HPRegen 0.30/turn    A - +6 ring of dexterity
MPRegen 0.11/turn

%: acrobat
@: mighty
A: no striking features
a: Renounce Religion


You were on level 7 of the Dungeon.
You worshipped Beogh.
Beogh was aware of your devotion.
You visited 1 branch of the dungeon, and saw 7 of its levels.

You collected 293 gold pieces.
You spent 110 gold pieces at shops.

Inventory:

Hand Weapons
 a - a +0 war axe (weapon)
 b - the +6 flail of Dithmenos {pain, rElec Will++ Dex+2}
   (You found it on level 2 of the Dungeon)

   Dex:       It affects your dexterity (+2).
   rElec:     It insulates you from electricity.
   Will:      It greatly increases your willpower.
Missiles
 e - 20 poisoned darts
 i - 6 boomerangs of dispersal
 q - 2 boomerangs (quivered)
Armour
 c - a +1 buckler (worn)
 m - a +2 pair of boots (worn)
 o - a +1 cloak (worn)
 p - a +0 scale mail
 v - a +0 chain mail (worn)
Jewellery
 f - a ring of willpower (left hand)
 h - an amulet of faith
 l - an amulet of guardian spirit
 z - an amulet of the acrobat (around neck)
 A - a +6 ring of dexterity (right hand)
Wands
 B - a wand of roots (8)
Scrolls
 w - 2 scrolls of vulnerability
Potions
 d - a potion of might
 g - a potion of heal wounds
 j - a potion of haste {unknown}
 k - 2 potions of curing
 n - 3 potions of magic
 r - 2 potions of attraction
 s - 2 potions of resistance
 t - a potion of ambrosia
 u - 2 potions of flight {unknown}
 x - a potion of berserk rage {unknown}
 C - 3 potions of degeneration {unknown}


   Skills:
 - Level 3.6 Fighting
 + Level 11.6 Axes
 - Level 3.2 Armour
 - Level 3.2 Shields


You had 7 spell levels left.
You didn't know any spells.
Your spell library contained the following spells:

 Spells                   Type           Power      Damage    Failure   Level
 Necrotise                Necr           0%         1d4       99%         1
 Sandblast                Erth           0%         2d4       99%         1
 Passwall                 Tmut/Erth      0%         N/A       100%        2
 Scorch                   Fire           0%         2d5       100%        2
 Stone Arrow              Conj/Erth      0%         3d7       100%        3
 Vampiric Draining        Necr           0%         2d6       100%        3
 Flame Wave               Conj/Fire      0%         2d4       100%        4
 Agony                    Necr           0%         N/A       100%        5
 Summon Cactus Giant      Summ           0%         N/A       100%        6


Dungeon Overview and Level Annotations

Branches:
Dungeon (7/15)             Temple (0/1) D:5

Altars:
Dithmenos
Gozag
Qazlal
Ru
The Shining One

Shops:
D:4 (*

Annotations:
D:7 Joseph


Message History

Joseph zaps a wand.
The bolt of acid misses you.
You have reached level 8!
Joseph misses you.
Things that are here:
a +0 hand axe; a +0 chain mail You barely miss Joseph.
Joseph hits you with a +0 quarterstaff!
You slash Joseph!
Joseph is lightly wounded.
You block Joseph's attack.
You slash Joseph!
Joseph is moderately wounded.
You slash Joseph!
Joseph is heavily wounded.
You block Joseph's attack.
You closely miss Joseph.
Joseph is moderately wounded.
Joseph hits you with a +0 quarterstaff!
You closely miss Joseph.
Joseph is moderately wounded.
Joseph zaps a wand.
The bolt of acid hits you!
You barely miss Joseph.
Joseph is moderately wounded.
Joseph hits you but does no damage.
You slash Joseph!
Joseph is heavily wounded.
Joseph hits you with a +0 quarterstaff!
You hit Joseph.
Joseph is severely wounded.
Joseph hits you with a +0 quarterstaff.
* * * LOW HITPOINT WARNING * * *
You feel very mighty all of a sudden. Joseph hits you with a +0 quarterstaff.
* * * LOW HITPOINT WARNING * * *
You closely miss Joseph.
Joseph is severely wounded.
Joseph barely misses you.
You barely miss Joseph.
Joseph is severely wounded.
Joseph zaps a wand.
The bolt of acid hits you!!
You die...

#.###### #
#o{@@..# #
######.# #
###.####.#
#
#..#...>.#
#
#.#.######
# #.#.#
####.# #
#.# .<...#
#.# ######
### #.#


You could see Joseph and an orc.

Vanquished Creatures
  An orc warrior (D:7)
  A kobold brigand (D:6)
  A gnoll sergeant (D:6)
  A scorpion (D:5)
  A howler monkey (D:5)
  A jelly (D:5)
  3 hounds
  A sleepcap (D:6)
  A gnoll bouda (D:5)
  Crazy Yiuf (D:2)
  An iguana (D:5)
  9 adders
  10 gnolls
  A shadow imp (D:6)
  2 ufetubi
  4 worms
  3 dart slugs
  7 orcs
  4 bats
  4 endoplasms
  2 giant cockroaches
  3 goblins
  4 hobgoblins
  3 jackals (D:3)
  9 kobolds
  2 quokkas
  5 ball pythons
  A frilled lizard (D:1)
  5 rats
91 creatures vanquished.

Notes
Turn   | Place    | Note
-------+----------+-------------------------------------------
     0 | D:1      | raph the Hill Orc Fighter began the quest for the Orb.
     0 | D:1      | Reached XP level 1. HP: 19/19 MP: 1/1
    35 | D:1      | Reached skill level 3 in Axes
   266 | D:1      | Reached XP level 2. HP: 26/26 MP: 2/2
   336 | D:1      | Reached skill level 4 in Axes
   807 | D:2      | Reached XP level 3. HP: 9/31 MP: 3/3
   949 | D:2      | Reached skill level 5 in Axes
  1384 | D:2      | Reached XP level 4. HP: 39/39 MP: 4/4
  1498 | D:2      | Identified the +6 flail of Dithmenos {pain, rElec Will++
                  | Dex+2}
  1548 | D:2      | Found a runed translucent door.
  1549 | D:2      | Noticed Crazy Yiuf
  1562 | D:2      | Killed Crazy Yiuf
  1563 | D:2      | Reached skill level 6 in Axes
  2139 | D:3      | Found a glowing golden altar of the Shining One.
  2140 | D:3      | Found a sacrificial altar of Ru.
  2380 | D:3      | Reached XP level 5. HP: 40/45 MP: 5/5
  2910 | D:3      | Reached skill level 7 in Axes
  3207 | D:4      | Became a worshipper of Beogh the Brigand
  3243 | D:4      | Found a shadowy altar of Dithmenos.
  3363 | D:4      | Found Vamem's General Store.
  3384 | D:4      | Bought a potion of resistance for 110 gold pieces
  3471 | D:4      | Found Daikelur's Weapon Shoppe.
  3590 | D:5      | Entered Level 5 of the Dungeon
  3628 | D:5      | Reached skill level 8 in Axes
  3628 | D:5      | Reached XP level 6. HP: 27/51 MP: 6/6
  4101 | D:5      | Reached skill level 9 in Axes
  4246 | D:5      | Reached XP level 7. HP: 53/57 MP: 7/7
  4370 | D:5      | Found a staircase to the Ecumenical Temple.
  4511 | D:5      | Reached skill level 10 in Axes
  4816 | D:6      | Found a stormy altar of Qazlal.
  5315 | D:6      | Reached * piety under Beogh
  5324 | D:6      | Reached skill level 11 in Axes
  5473 | D:6      | Found an opulent altar of Gozag.
  5610 | D:7      | Noticed Joseph
  5623 | D:7      | Reached XP level 8. HP: 58/64 MP: 8/8
  5635 | D:7      | Killed from afar by Joseph

Illustrated notes

Levels and vault maps discovered:
D:1:      lordsloth_arrival_two_stooges, layout_loops_ring, supply_closet_lemuel
D:2:      layout_basic, uniq_crazy_yiuf_cottage
D:3:      layout_basic, gammafunk_temple_overflow_pools
D:4:      layout_rooms, grunt_dithmenos_smoke_and_mirrors, serial_shops,
          nicolae_shop_hallway_plus, shop
D:5:      layout_basic, minmay_temple_entry_glass, minmay_misc_feat_square,
          uniq_blork_the_orc, uniq_pikel, uniq_prince_ribbit1
D:6:      layout_rooms, nicolae_gozag_cash_rules_everything_around_me,
          grunt_qazlal_sundering
D:7:      layout_loops_ring, general_overflow_altar,
          nicolae_overflow_crystal_walls, minmay_parallelograms, uniq_joseph

Skill      XL: |  1  2  3  4  5  6  7 |
---------------+----------------------+-----
Axes           | 3 4 5 6 8 9 11 | 11.6
Fighting       | |  3.6
Armour         | |  3.2
Shields        | |  3.2

Action                     |  1- 3 |  4- 6 |  7- 9 || total
---------------------------+-------+-------+-------++-------
  Melee: War axe           |   103 |   137 |    88 ||   328
  Throw: Boomerang         |       |     3 |     1 ||     4
 Invoke: Convert to Beogh  |       |     1 |       ||     1
    Use: Scroll            |     2 |     5 |    10 ||    17
         Potion            |       |     1 |     2 ||     3
 Armour: Scale mail        |    48 |    22 |       ||    70
         Chain mail        |       |    46 |    38 ||    84
  Dodge: Dodged            |    55 |    81 |    25 ||   161
  Block: Buckler           |    25 |    40 |    30 ||    95
